 Dungeon Crawl Stone Soup version 0.23-a0-837-ga3e6480 (webtiles) character file.

63 wilfster70 the Insei (level 4, -4/29 HPs)
             Began as an Octopode Transmuter on Jan 24, 2019.
             Slain by a gnoll
             ... wielding a +0 whip of electrocution
              (6 damage)
             ... on level 2 of the Dungeon.
             The game lasted 00:03:09 (1530 turns).

wilfster70 the Insei (Octopode Transmuter)          Turns: 1530, Time: 00:03:10

Health: -4/29      AC:  1    Str:  9    XL:     4   Next: 10%
Magic:  7/7        EV: 13    Int: 16    God:
Gold:   107        SH:  0    Dex: 12    Spells: 5/8 levels left

rFire    + . .     SeeInvis .     - Unarmed
rCold    . . .     Gourm    .   (no shield)
rNeg     . . .     Faith    .   (helmet restricted)
rPois    .         Spirit   .   (no amulet)
rElec    .         Reflect  .   b - ring of protection from fire
rCorr    .         Harm     .   (no ring)
MR       .....                  (no ring)
Stlth    ++........             (no ring)
HPRegen  0.09/turn              (no ring)
MPRegen  0.10/turn              (no ring)
                                (no ring)
                                (no ring)

@: no status effects
A: almost no armour, stealthy swim, amphibious, 8 rings, constrict 8, camouflage
1, gelatinous body 1
a: no special abilities


You were on level 2 of the Dungeon.
You were not hungry.

You visited 1 branch of the dungeon, and saw 2 of its levels.

You collected 107 gold pieces.

Inventory:

Missiles
 a - 12 arrows
 e - 46 stones (quivered)
 j - 11 poisoned needles
Jewellery
 b - a ring of protection from fire (left tentacle)
Scrolls
 d - a scroll of random uselessness {unknown}
 g - 2 scrolls of identify {unknown}
Potions
 h - a potion of resistance {unknown}
 i - a potion of flight {unknown}
Comestibles
 c - 3 rations
 f - 3 chunks of flesh


   Skills:
 + Level 2.0 Fighting
 - Level 2.0 Dodging
 + Level 3.5 Unarmed Combat
 + Level 2.5 Spellcasting
 + Level 2.7 Transmutations


You had 5 spell levels left.
You knew the following spells:

 Your Spells              Type           Power        Failure   Level  Hunger
a - Beastly Appendage     Tmut           ##....       6%          1    #......
b - Sticks to Snakes      Tmut           ##......     10%         2    ##.....

Your spell library contained the following spells:

 Spells                   Type           Power        Failure   Level  Hunger
 Spider Form              Tmut/Pois      #.........   34%         3    ###....
 Ice Form                 Ice/Tmut       #.......     75%         4    #####..
 Blade Hands              Tmut           ##........   87%         5    ######.


Dungeon Overview and Level Annotations

Branches:
Dungeon (2/15)

Altars:


Innate Abilities, Weirdness & Mutations

You cannot wear most types of armour.
You are very stealthy in the water. (Stealth+)
You are amphibious.
You can wear up to eight rings at the same time.
You can use your tentacles to constrict eight enemies at once.
Your skin changes colour to match your surroundings (Stealth+).
Your rubbery body absorbs attacks. (AC +1, EV +1)


Message History

You tentacle-slap the gnoll but do no damage.
Your grab misses the gnoll. Your squeeze misses the gnoll.
The gnoll hits you with a +0 whip of electrocution.
You tentacle-slap the gnoll but do no damage.
Your grab misses the gnoll. You squeeze the gnoll.
The gnoll is moderately wounded.
The gnoll hits you with a +0 whip of electrocution!
* * * LOW HITPOINT WARNING * * *
You tentacle-slap the gnoll but do no damage.
You grab the gnoll.
The gnoll is moderately wounded.
You constrict the gnoll. The gnoll misses you.
You release your grip on the gnoll.
You closely miss the gnoll. Your grab misses the gnoll.
The gnoll is heavily wounded.
The gnoll barely misses you.
You tentacle-slap the gnoll. Your grab misses the gnoll.
The gnoll is heavily wounded.
The gnoll hits you with a +0 whip of electrocution.
You die...

..##...#.####.g...#
..####.#.####..##.#
..g.g...>...#..##.#
..######..###..##.#####
..# #..# #..#......#
..# #..# ##.#g######
### #..# #.#g# #..#
#.#g# ###### ...# #@#
.....# #.. #.# .....#
#.#### .....# #....#
###### ####.# #.#
##.### #....# # #..#.#


You could see 3 gnolls.

Vanquished Creatures
  Natasha (D:2)
  A gnoll (D:2)
  A bat (D:1)
  2 giant cockroaches (D:1)
  4 goblins
  6 hobgoblins
  4 frilled lizards
  5 kobolds (D:1)
  6 rats
30 creatures vanquished.

Notes
Turn   | Place    | Note
-------+----------+-------------------------------------------
     0 | D:1      | wilfster70 the Octopode Transmuter began the quest for the
                  | Orb.
     0 | D:1      | Reached XP level 1. HP: 13/13 MP: 3/3
   102 | D:1      | Reached XP level 2. HP: 13/18 MP: 5/5
   107 | D:1      | Learned a level 2 spell: Sticks to Snakes
   903 | D:1      | Reached XP level 3. HP: 23/23 MP: 6/6
  1147 | D:2      | Noticed Natasha
  1162 | D:2      | Killed Natasha
  1512 | D:2      | Reached XP level 4. HP: 17/29 MP: 7/7
  1530 | D:2      | Slain by a gnoll

Vault maps used:
D:1:      minmay_arrival_hallway, serial_forest, infiniplex_forest_corner_2,
          infiniplex_forest_clump_curved, infiniplex_forest_side_room,
          infiniplex_forest_zigzag_2, infiniplex_forest_lined_room_2,
          infiniplex_forest_clump_curved, infiniplex_forest_zigzag_1
D:2:      dk_noncrumbling_4, kennysheep_generic_room_4, uniq_natasha

Skill      XL: |  1  2  3 |
---------------+----------+-----
Fighting       | 2 |  2.0
Dodging        | |  2.0
Unarmed Combat | |  3.5
Spellcasting   | |  2.5
Transmutations | |  2.7

Action                   |  1- 3 |  4- 6 || total
-------------------------+-------+-------++-------
Melee: Unarmed           |    70 |     6 ||    76
       Constrict         |    19 |     1 ||    20
       Tentacles         |    13 |     1 ||    14
       Punch             |     1 |       ||     1
 Stab: Sleeping          |     1 |       ||     1
  Eat: Chunk             |     2 |       ||     2
Armor: Skin              |     4 |       ||     4
Dodge: Dodged            |    39 |     2 ||    41

Table legend:
 A = Non-vault XP
 B = Vault XP
 C = Vault XP percentage of total XP
 D = Non-vault monster count
 E = Vault monster count
 F = Vault count percentage of total count
                 A         B        C        D         E       F
            +---------+---------+-------+---------+---------+-------
      Total |      56 |      35 |  38.5 |      29 |       1 |   3.3
            +---------+---------+-------+---------+---------+-------
        D:1 |      34 |       0 |   0.0 |      22 |       0 |   0.0
        D:2 |      22 |      35 |  61.4 |       7 |       1 |  12.5
            +---------+---------+-------+---------+---------+-------
